[ AOE2 MATCH · #506739124 ]
UnrankedFranks vs Britons
Player's team · WIN
Rival team · LOSS
[ REPLAY ANALYSIS · EXTRACTED FROM THE RECORDED GAME ]
Feudal
9:33
Castle
26:01
Imperial
35:43
| APM avg | 75.9 |
| APM peak | 117 |
| eAPM avg | 46.9 |
| Villagers / military | 153 / 149 |
Focus
⚔️ 43.5% · 🌾 56.5%
Knight ×131 · Scout Cavalry ×14 · Trebuchet (Packed) ×4
Feudal
9:44
Castle
21:05
Imperial
33:56
| APM avg | 52.7 |
| APM peak | 91 |
| eAPM avg | 25.2 |
| Villagers / military | 129 / 204 |
Focus
⚔️ 38.0% · 🌾 62.0%
Spearman ×114 · Longbowman ×50 · Monk ×14 · Archer ×14 · Trebuchet (Packed) ×6 · Knight ×3
Match map
Initial resources + every placement click. Lines = walls · curves = elevation contours. ◆ gold · ⬟ stone · ● berries · ✦ relic · ◌ wall gap
Your base· ✓ Closed at 26:01 · 57t walls · no gate
Coke's base· Open — opponent sealed themselves in
Smoothed initial terrain · ◌ = detected wall gap · hover for details
Inputs per minute
— IhateArena - - Coke
Build order — IhateArena
First 150 of 500 actions detected
| 0:00 | Queue | Villager (Male) |
| 0:01 | Queue | Villager (Male) |
| 0:01 | Queue | Villager (Male) ×3 |
| 0:01 | Queue | Villager (Male) ×2 |
| 0:02 | Build | House |
| 0:04 | Build | House |
| 1:24 | Queue | Villager (Male) |
| 1:24 | Queue | Villager (Male) |
| 2:00 | Build | Lumber Camp |
| 2:01 | Queue | Villager (Male) |
| 2:01 | Queue | Villager (Male) |
| 2:14 | Queue | Villager (Male) |
| 2:15 | Queue | Villager (Male) |
| 2:47 | Queue | Villager (Male) |
| 2:47 | Queue | Villager (Male) |
| 3:00 | Build | House |
| 3:02 | Queue | Villager (Male) |
| 3:02 | Queue | Villager (Male) |
| 3:33 | Queue | Villager (Male) |
| 3:34 | Queue | Villager (Male) |
| 3:47 | Queue | Villager (Male) |
| 3:47 | Queue | Villager (Male) |
| 4:20 | Queue | Villager (Male) |
| 4:20 | Queue | Villager (Male) |
| 4:38 | Build | Mill |
| 4:46 | Queue | Villager (Male) |
| 4:46 | Queue | Villager (Male) |
| 5:17 | Queue | Villager (Male) ×2 |
| 5:17 | Queue | Villager (Male) |
| 5:33 | Research | Loom |
| 5:33 | Research | Loom |
| 5:53 | Queue | Villager (Male) |
| 6:13 | Queue | Villager (Male) |
| 6:18 | Build | House |
| 7:02 | Build | Palisade Wall |
| 7:23 | Research | Feudal Age |
| 7:23 | Research | Feudal Age |
| 7:34 | Build | Palisade Wall |
| 8:04 | Build | Barracks |
| 9:33 | Age | Feudal Age |
| 9:36 | Build | Stable |
| 9:38 | Research | Double-Bit Axe |
| 9:38 | Queue | Villager (Male) |
| 9:39 | Queue | Villager (Male) |
| 9:59 | Build | House |
| 10:00 | Build | House |
| 10:18 | Build | Mill |
| 10:22 | Queue | Villager (Male) |
| 10:32 | Build | House |
| 10:34 | Queue | Scout Cavalry |
| 10:34 | Queue | Scout Cavalry |
| 10:34 | Queue | Scout Cavalry |
| 10:37 | Build | House |
| 10:40 | Build | Palisade Wall |
| 10:44 | Build | Palisade Wall |
| 10:52 | Queue | Villager (Male) |
| 10:52 | Queue | Villager (Male) |
| 10:56 | Build | Farm |
| 10:57 | Build | Farm |
| 11:06 | Build | Palisade Wall |
| 11:08 | Build | Palisade Wall |
| 11:25 | Queue | Villager (Male) |
| 11:28 | Build | Farm |
| 11:40 | Queue | Villager (Male) |
| 11:40 | Queue | Villager (Male) |
| 11:46 | Build | Palisade Wall |
| 11:47 | Build | Palisade Wall |
| 12:02 | Build | Farm |
| 12:10 | Build | House |
| 12:11 | Build | House |
| 12:14 | Build | Palisade Wall |
| 12:18 | Queue | Scout Cavalry |
| 12:18 | Queue | Scout Cavalry |
| 12:44 | Build | House |
| 12:44 | Queue | Scout Cavalry |
| 12:45 | Queue | Scout Cavalry |
| 12:48 | Queue | Villager (Male) |
| 12:49 | Queue | Villager (Male) |
| 12:50 | Build | Farm |
| 12:51 | Build | Farm |
| 13:01 | Build | House |
| 13:20 | Build | House |
| 13:21 | Queue | Scout Cavalry |
| 13:35 | Queue | Villager (Male) |
| 13:35 | Queue | Villager (Male) |
| 13:55 | Queue | Scout Cavalry |
| 13:55 | Queue | Scout Cavalry |
| 13:58 | Build | House |
| 14:00 | Build | House |
| 14:08 | Build | House |
| 14:14 | Build | Mining Camp |
| 14:23 | Queue | Villager (Male) |
| 14:23 | Queue | Villager (Male) |
| 14:23 | Queue | Villager (Male) |
| 14:27 | Build | Palisade Wall |
| 14:30 | Build | Palisade Wall |
| 14:54 | Queue | Scout Cavalry |
| 14:54 | Queue | Scout Cavalry |
| 15:26 | Queue | Villager (Male) |
| 15:26 | Queue | Villager (Male) ×2 |
| 15:27 | Queue | Villager (Male) |
| 15:28 | Build | Farm |
| 15:38 | Queue | Villager (Male) |
| 15:38 | Queue | Villager (Male) |
| 15:40 | Build | Blacksmith |
| 15:53 | Build | Lumber Camp |
| 15:57 | Queue | Scout Cavalry |
| 15:57 | Queue | Scout Cavalry |
| 16:11 | Build | House |
| 16:12 | Build | House |
| 16:31 | Queue | Villager (Male) |
| 16:31 | Queue | Villager (Male) ×2 |
| 16:31 | Queue | Villager (Male) |
| 16:41 | Build | Farm |
| 16:45 | Queue | Villager (Male) |
| 16:46 | Queue | Villager (Male) |
| 16:50 | Build | Mining Camp |
| 17:00 | Queue | Villager (Male) |
| 17:00 | Queue | Villager (Male) |
| 17:04 | Build | Watch Tower |
| 17:15 | Build | House |
| 17:18 | Build | House |
| 17:32 | Queue | Villager (Male) |
| 17:33 | Queue | Villager (Male) ×2 |
| 17:33 | Queue | Villager (Male) |
| 17:34 | Build | Farm |
| 17:35 | Build | Farm |
| 17:35 | Build | Farm |
| 18:00 | Build | Market |
| 18:10 | Build | Farm |
| 18:21 | Build | Farm |
| 18:22 | Build | Farm |
| 18:32 | Build | Lumber Camp |
| 18:36 | Queue | Villager (Male) |
| 18:43 | Build | House |
| 18:58 | Build | Watch Tower |
| 19:06 | Build | House |
| 19:10 | Queue | Villager (Male) |
| 19:26 | Build | House |
| 19:27 | Build | House |
| 19:37 | Research | Fletching |
| 19:37 | Research | Fletching |
| 19:48 | Queue | Villager (Male) |
| 19:57 | Build | Farm |
| 19:57 | Build | Farm |
| 19:58 | Build | Farm |
| 19:58 | Build | Farm |
| 19:58 | Build | Farm |
| 19:58 | Build | Farm |
| 20:11 | Queue | Villager (Male) |
Build order — Coke
First 150 of 507 actions detected
| 0:00 | Queue | Villager (Male) |
| 0:01 | Queue | Villager (Male) |
| 0:01 | Build | House |
| 0:02 | Build | House |
| 0:04 | Queue | Villager (Male) |
| 0:04 | Queue | Villager (Male) |
| 1:19 | Queue | Villager (Male) |
| 1:51 | Queue | Villager (Male) |
| 2:06 | Queue | Villager (Male) |
| 2:38 | Queue | Villager (Male) |
| 2:51 | Queue | Villager (Male) |
| 2:51 | Queue | Villager (Male) |
| 2:58 | Build | Barracks |
| 3:28 | Build | House |
| 3:37 | Queue | Villager (Male) |
| 4:02 | Build | House |
| 4:07 | Queue | Villager (Male) |
| 4:07 | Queue | Villager (Male) |
| 4:08 | Queue | Villager (Male) |
| 4:34 | Queue | Villager (Male) |
| 4:36 | Queue | Villager (Male) |
| 4:36 | Queue | Villager (Male) |
| 4:53 | Queue | Villager (Male) |
| 5:00 | Queue | Militia |
| 5:00 | Queue | Militia |
| 5:45 | Build | Mill |
| 5:47 | Queue | Villager (Male) |
| 5:52 | Queue | Militia |
| 6:19 | Queue | Villager (Male) |
| 6:39 | Queue | Villager (Male) |
| 6:39 | Research | Loom |
| 7:14 | Build | Lumber Camp |
| 7:26 | Research | Feudal Age |
| 8:20 | Build | Mill |
| 8:38 | Queue | Villager (Male) |
| 9:18 | Build | Mining Camp |
| 9:20 | Build | House |
| 9:28 | Build | House |
| 9:29 | Build | Palisade Wall |
| 9:30 | Build | Palisade Wall |
| 9:44 | Age | Feudal Age |
| 9:58 | Build | Archery Range |
| 9:58 | Queue | Villager (Male) |
| 10:04 | Queue | Villager (Male) |
| 10:20 | Build | Palisade Wall |
| 10:22 | Build | Palisade Wall |
| 10:29 | Queue | Villager (Male) |
| 10:30 | Build | Farm |
| 10:30 | Build | Farm |
| 10:42 | Build | Palisade Wall |
| 10:45 | Queue | Spearman |
| 10:50 | Queue | Villager (Male) |
| 10:57 | Queue | Archer |
| 11:09 | Build | Farm |
| 11:20 | Queue | Spearman |
| 11:28 | Research | Double-Bit Axe |
| 11:28 | Research | Double-Bit Axe |
| 11:41 | Queue | Archer |
| 11:48 | Queue | Villager (Male) |
| 12:03 | Build | House |
| 12:09 | Build | Farm |
| 12:10 | Queue | Villager (Male) |
| 12:17 | Build | Palisade Wall |
| 12:33 | Build | Farm |
| 12:33 | Queue | Villager (Male) |
| 12:34 | Queue | Archer |
| 13:05 | Build | Farm |
| 13:05 | Queue | Villager (Male) |
| 13:07 | Build | Farm |
| 13:22 | Build | Farm |
| 13:31 | Queue | Villager (Male) |
| 13:36 | Build | House |
| 13:37 | Build | House |
| 13:39 | Build | Farm |
| 13:50 | Queue | Villager (Male) |
| 13:58 | Queue | Spearman |
| 13:59 | Queue | Villager (Male) |
| 14:05 | Build | Farm |
| 14:18 | Queue | Villager (Male) |
| 14:38 | Build | Blacksmith |
| 14:56 | Queue | Spearman |
| 14:58 | Queue | Villager (Male) |
| 15:06 | Build | House |
| 15:08 | Build | Farm |
| 15:16 | Queue | Archer |
| 15:31 | Build | Farm |
| 15:32 | Build | Farm |
| 15:34 | Queue | Spearman |
| 15:38 | Queue | Villager (Male) |
| 15:39 | Queue | Spearman |
| 15:43 | Research | Fletching |
| 15:53 | Build | Palisade Wall |
| 16:05 | Queue | Archer |
| 16:06 | Queue | Villager (Male) |
| 16:09 | Build | Farm |
| 16:30 | Queue | Villager (Male) |
| 16:36 | Build | Farm |
| 16:42 | Queue | Archer |
| 16:59 | Queue | Villager (Male) |
| 17:08 | Build | Stable |
| 17:17 | Build | House |
| 17:18 | Build | House |
| 17:19 | Queue | Villager (Male) |
| 17:33 | Queue | Archer |
| 17:44 | Build | Palisade Gate |
| 17:45 | Build | Palisade Wall |
| 17:51 | Queue | Villager (Male) |
| 18:25 | Research | Castle Age |
| 18:38 | Queue | Archer |
| 19:08 | Build | Lumber Camp |
| 19:25 | Queue | Archer |
| 19:25 | Queue | Villager (Male) |
| 19:27 | Research | Horse Collar |
| 19:27 | Research | Gold Mining |
| 19:43 | Queue | Archer |
| 19:45 | Build | Farm |
| 19:53 | Build | Farm |
| 19:54 | Build | Farm |
| 20:05 | Queue | Archer |
| 20:08 | Queue | Archer |
| 20:37 | Build | House |
| 20:38 | Build | House |
| 20:43 | Build | Farm |
| 21:05 | Age | Castle Age |
| 21:12 | Build | Town Center |
| 21:15 | Queue | Villager (Male) |
| 21:25 | Build | Palisade Wall |
| 21:33 | Queue | Villager (Male) |
| 21:36 | Research | Bodkin Arrow |
| 21:36 | Research | Crossbowman (upgrade) |
| 21:39 | Research | Bow Saw |
| 21:52 | Build | University |
| 21:57 | Queue | Villager (Male) |
| 21:58 | Queue | Archer |
| 22:02 | Build | Farm |
| 22:31 | Build | Farm |
| 22:32 | Queue | Villager (Male) |
| 22:32 | Queue | Villager (Male) |
| 23:00 | Build | Town Center |
| 23:10 | Research | Heavy Plow |
| 23:11 | Queue | Villager (Male) |
| 23:11 | Queue | Villager (Male) |
| 23:23 | Build | Monastery |
| 23:28 | Build | Farm |
| 23:38 | Queue | Villager (Male) |
| 23:38 | Queue | Villager (Male) |
| 23:45 | Queue | Villager (Male) |
| 23:52 | Build | Lumber Camp |
| 23:57 | Build | Mining Camp |
| 24:01 | Queue | Villager (Male) |
Match timeline
| 2:58 | Coke · first_building Barracks |
| 7:02 | IhateArena · wall_segment Palisade Wall x3 |
| 7:34 | IhateArena · wall_segment Palisade Wall x1 |
| 8:04 | IhateArena · first_building Barracks |
| 9:29 | Coke · wall_segment Palisade Wall x1 |
| 9:30 | Coke · wall_segment Palisade Wall x1 |
| 9:33 | IhateArena · age_up feudal |
| 9:36 | IhateArena · first_building Stable |
| 9:44 | Coke · age_up feudal |
| 9:58 | Coke · first_building Archery Range |
| 10:20 | Coke · wall_segment Palisade Wall x1 |
| 10:22 | Coke · wall_segment Palisade Wall x1 |
| 10:40 | IhateArena · wall_segment Palisade Wall x5 |
| 10:42 | Coke · wall_segment Palisade Wall x12 |
| 10:44 | IhateArena · wall_segment Palisade Wall x10 |
| 11:06 | IhateArena · wall_segment Palisade Wall x5 |
| 11:08 | IhateArena · wall_segment Palisade Wall x7 |
| 11:46 | IhateArena · wall_segment Palisade Wall x8 |
| 11:47 | IhateArena · wall_segment Palisade Wall x5 |
| 12:14 | IhateArena · wall_segment Palisade Wall x1 |
| 12:17 | Coke · wall_segment Palisade Wall x7 |
| 14:27 | IhateArena · wall_segment Palisade Wall x10 |
| 14:30 | IhateArena · wall_segment Palisade Wall x3 |
| 15:53 | Coke · wall_segment Palisade Wall x12 |
| 17:08 | Coke · first_building Stable |
| 17:45 | Coke · wall_segment Palisade Wall x1 |
| 21:05 | Coke · age_up castle |
| 21:09 | IhateArena · first_market_buy 100 stone |
| 21:25 | Coke · wall_segment Palisade Wall x1 |
| 23:23 | Coke · first_building Monastery |
| 26:01 | IhateArena · age_up castle |
| 30:22 | IhateArena · first_building Castle |
| 31:00 | Coke · first_building Castle |
| 33:56 | Coke · age_up imperial |
| 34:35 | Coke · first_market_sell 100 food |
| 35:43 | IhateArena · age_up imperial |
| 36:40 | Coke · wall_segment Palisade Wall x3 |
| 37:10 | IhateArena · first_market_sell 500 food |
| 38:59 | Coke · first_market_buy 100 stone |
| 44:48 | Coke · resign |
[ AI ANALYSIS · 1 CREDIT ]
What really happened in this match?
Wolo.gg analyzes every decision: build order, eco, micro, common mistakes by bracket. Personalized analysis on WhatsApp or Discord in 30 seconds.
Civ guide
Franks
Perfil
Jugador #10354539